 Dungeon Crawl Stone Soup version 0.27-a0-1532-gca18f49f40 (webtiles) character file.

Game seed: 1690709619718199703

0 Spaninq the Sneak (level 1, -1/19 HPs)
             Began as a Hill Orc Delver on July 12, 2021.
             Slain by a gnoll sergeant (3 damage)
             ... on level 5 of the Dungeon.
             The game lasted 00:00:44 (50 turns).

Spaninq the Sneak (Hill Orc Delver)                   Turns: 50, Time: 00:00:45

Health: -1/19      AC:  3    Str: 14    XL:     1   Next: 0%
Magic:  1/1        EV: 11    Int: 10    God:
Gold:   0          SH:  0    Dex: 12    Spells: 0/0 levels left

rFire    . . .     SeeInvis .   a - +0 hand axe
rCold    . . .     Faith    .   (no shield)
rNeg     . . .     Spirit   .   b - +0 leather armour
rPois    .         Reflect  .   (no helmet)
rElec    .         Harm     .   (no cloak)
rCorr    .         Rampage  .   (no gloves)
Will     .....                  (no boots)
Stlth    ++........             (no amulet)
HPRegen  0.06/turn              (no ring)
MPRegen  0.07/turn              (no ring)

@: no status effects
A: no striking features
a: no special abilities


You were on level 5 of the Dungeon.
You visited 1 branch of the dungeon, and saw 1 of its levels.

Inventory:

Hand Weapons
 a - a +0 hand axe (weapon)
Armour
 b - a +0 leather armour (worn)
Wands
 g - a wand of digging (3)
Scrolls
 c - a scroll of fog
 d - a scroll of magic mapping
 e - a scroll of fear
 h - 3 scrolls of identify {unknown}
Potions
 f - a potion of haste
 i - 2 potions of might {unknown}


   Skills:
 + Level 3.6 Fighting
 * Level 2.6 Axes
 + Level 0.0 Armour
 - Level 1.5 Dodging
 - Level 4.1 Stealth


You couldn't memorise any spells.
You didn't know any spells.
Your spell library was empty.

Dungeon Overview and Level Annotations

Branches:
Dungeon (5/15)
 Temple: D:4-7

Altars:


Message History

Welcome, Spaninq the Hill Orc Delver.
Will you be the one to retrieve the legendary Orb of Zot from the depths?
Press ? for a list of commands and other information.
Found 2 fuming black potions and 3 scrolls labelled JIRGHI AXTUICKE.
Found a stone staircase leading down.
h - 3 scrolls labelled JIRGHI AXTUICKE You see here 3 boomerangs.
i - 2 fuming black potions You open the door.
Found 19 bolts.
An iguana comes into view.
There is an open door here.
The iguana hisses angrily.
You hear a shout! x3
Found a scroll labelled JIRGHI AXTUICKE. 3 gnolls come into view.
A gnoll is wielding a +1 flail of draining.
The gnoll shouts!
The iguana bites you!
Unknown command.
The iguana bites you but does no damage.
A gnoll sergeant comes into view. It is wielding a +1 spear of flaming.
The gnoll sergeant hits you with a +1 spear of flaming.
The gnoll sergeant burns you.
The gnoll sergeant hits you with a +1 spear of flaming.
* * * LOW HITPOINT WARNING * * *
The gnoll sergeant burns you.
You die...

#...g........#
#.g#........#
###.###.gg....# #.g##
##..g...# #.#.#
#.......##
#g##.#.#####...#
#.###.# #.....#
####l#.### #.......#
#...g@...###gg.....##
#.##.......'.g.....#
###.##>....###(......#
#......#.#.# ##......#
#.#.#..###.# ##.....#
# #.(# #.# #...# #..#
#.# #+## ..... ..#
###.######


You could see a gnoll sergeant, an iguana and a gnoll.

Vanquished Creatures (others)
  A plant (D:5)
1 creature vanquished.

Notes
Turn   | Place    | Note
-------+----------+-------------------------------------------
     0 | D:5      | Spaninq the Hill Orc Delver began the quest for the Orb.
     0 | D:5      | Reached XP level 1. HP: 19/19 MP: 1/1
    14 | D:5      | Noticed an iguana
    46 | D:5      | Noticed a gnoll sergeant
    50 | D:5      | Slain by a gnoll sergeant

Illustrated notes

Levels and vault maps discovered:
D:5:      layout_loops_corners, nicolae_elyvilon_temple_path, vehumet_statue,
          trog_three_pillars_becter, serial_rivers,
          chequers_serial_rivers_micro_c, chequers_serial_rivers_small_3,
          chequers_serial_rivers_micro_c, chequers_serial_rivers_room_b,
          ebering_ghost_sewer_f

Action                   || total
-------------------------++-------
Armor: Leather armour    ||     1

Table legend: (Time is in decaauts)
 A = Elapsed time spent in this place.
 B = Non-inter-level travel time spent in this place.
 C = Inter-level travel time spent in this place.
 D = Time resting spent in this place.
 E = Time spent auto-exploring this place.
 F = Levels seen in this place.
 G = Mean time per level.
                   A        B        C        D        E       F      G
               +--------+--------+--------+--------+--------+-----+--------+
         Total |     50 |     50 |      0 |      0 |      4 |   1 |   50.0 |
       Dungeon |     50 |     50 |      0 |      0 |      4 |   1 |   50.0 |
               +--------+--------+--------+--------+--------+-----+--------+

Top non-repeatable levels by time:
     D:5: 50 daAuts
